 Dungeon Crawl Stone Soup version 0.31-a0-795-g5eb97db20b (webtiles) character file.

Game seed: 15513526459933532767

728 lunkers the Martial Artist (level 8, -4/55 HPs)
             Began as a Meteoran Shapeshifter on Sept 18, 2023.
             Killed from afar by an orc wizard (5 damage)
             ... with a magic dart
             ... on level 5 of the Dungeon.
             The game lasted 00:06:18 (2133 turns).

lunkers the Martial Artist (Meteoran Shapeshifter)  Turns: 2133, Time: 00:06:18

Health: -4/55      AC:  5    Str: 16      XL:     8   Next: 23%
Magic:  9/9        EV: 11    Int:  9 (11) God:
Gold:   188        SH:  0    Dex: 15 (16) Spells: 7/7 levels left

rFire   . .          .
                       - Unarmed
rCold   . . .        (shield currently unavailable)
rNeg    . . .        q - +0 ring mail
rPois   .            (no helmet)
rElec   .            (no cloak)
rCorr   .            (no gloves)
SInv    .            (no boots)
Will    +....        (no amulet)
Stlth   +            (no ring)
HPRegen 0.29/turn    (no ring)
MPRegen 0.11/turn

%: no passive effects
@: about to teleport, flux-form, hasted, glowing, very quick
A: glow, contaminating, reduced hp, sense surroundings 1, otherworldly, glowing,
explore regen
a: Begin Untransformation


You were on level 5 of the Dungeon.
You were something dangerously unstable.
You visited 1 branch of the dungeon, and saw 5 of its levels.

You collected 188 gold pieces.

Inventory:

Missiles
 h - a throwing net
Armour
 a - a +0 animal skin
 e - a +0 ring mail
 o - a +0 buckler
 q - a +0 ring mail (worn)
Jewellery
 l - an amulet of faith
Talismans
 c - a beast talisman
 d - a flux talisman (active)
Scrolls
 b - a scroll of summoning {unknown}
 f - a scroll of fog {unknown}
 j - 2 scrolls of poison
 k - a scroll of teleportation
 n - a scroll of enchant armour {unknown}
 t - a scroll of revelation {unknown}
 u - 2 scrolls of fear {unknown}
 w - a scroll of enchant weapon {unknown}
Potions
 g - 5 potions of curing
 i - a potion of mutation
 m - a potion of brilliance
 p - 2 potions of attraction
 r - a potion of cancellation


   Skills:
 - Level 1.1 Fighting
 - Level 2.1 Dodging
 * Level 8.9 Unarmed Combat
 + Level 6.4 Shapeshifting


You had 7 spell levels left.
You didn't know any spells.
Your spell library contained the following spells:

 Spells                   Type           Power      Damage    Failure   Level
 Gell's Gravitas          Tloc           0%         N/A       93%         3
 Teleport Other           Tloc           0%         N/A       93%         3
 Dispersal                Tloc           0%         N/A       100%        6


Dungeon Overview and Level Annotations

Branches:
Dungeon (5/15) Zot: 894
 Temple: D:4-7

Altars:
Ashenzari
Kikubaaqudgha
Yredelemnul

Shops:
D:4 (


Innate Abilities, Weirdness & Mutations

You are something dangerously unstable.
You glow with magical radiation, making you easy to see and hit.
Foes you strike become dangerously contaminated with magical radiation.
Your maximum health is decreased, since you lack skill for your form.
You are incapable of wielding weapons or throwing items.
You passively map a small area around you.
You are easily found by Zot.
You glow in the dark.
You regain HP and MP as you explore.


Message History

The black bear is moderately wounded.
The orc wizard casts a spell.
The orc wizard flickers and vanishes!
Deactivating autopickup; reactivate with Ctrl-A.
The black bear bites you.
* * * LOW HITPOINT WARNING * * *
The black bear barely misses you.
The black bear claws you but does no damage.
The gnoll hits you from afar with a +0 spear!
* * * LOW HITPOINT WARNING * * *
You punch the black bear!
The black bear glows dangerously bright.
The black bear is severely wounded.
You punch the black bear!
You kill the black bear!
Items here: )) [ ††.
You hit the gnoll.
The gnoll begins to glow.
The gnoll is moderately wounded.
The gnoll barely misses you.
You hit the gnoll.
The gnoll glows dangerously bright.
The gnoll is heavily wounded.
The gnoll closely misses you. The gnoll barely misses you.
You hit the gnoll.
The gnoll shudders as magic cascades through it!
You kill the gnoll!
You feel your strength returning. Something hits you but does no damage.
The gnoll hits you from afar with a +0 halberd!
* * * LOW HITPOINT WARNING * * *
The gnoll hits you with a +0 spear.
* * * LOW HITPOINT WARNING * * *
Things that are here:
a +0 whip; a +0 hand axe
Items here: )) [ ††.
As you read the scroll labelled HUSENE ZUUR, it crumbles to dust.
You feel strangely unstable.
It was a scroll of teleportation.
The gnoll barely misses you.
A magic dart appears from out of thin air!
The magic dart hits you.
You die...

#########
#.#######.#######
##### * *
#...............#
* .....,
#########.#####.#
##### *> #.# #.#
, * ## #.###.# ,
#.###....# *,
#.#.##### , #.##
* , #p# , ,, *
### #)#** * ..# *
#g{g...# #.#
#go...... ,
...##.### #.#
.#.#* # ** * #.#
* #. .. #.# #. ##
* #.# #.


You could see 2 gnolls and an orc.

Vanquished Creatures
  Edmund (D:4)
  A black bear (D:5)
  A sky beast (D:4)
  A scorpion (D:4)
  3 orc priests
  2 sleepcaps (D:5)
  2 orc wizards
  An iguana (D:5)
  Robin (D:3)
  A gnoll (D:5)
  5 adders
  A worm (D:2)
  2 dart slugs
  10 orcs
  4 endoplasms
  A giant cockroach (D:3)
  12 goblins
  10 hobgoblins
  3 jackals (D:5)
  8 kobolds
  A quokka (D:1)
  8 ball pythons
  2 bats (D:1)
  5 frilled lizards
  6 rats
92 creatures vanquished.

Notes
Turn   | Place    | Note
-------+----------+-------------------------------------------
     0 | D:1      | lunkers the Meteoran Shapeshifter began the quest for the
                  | Orb.
     0 | D:1      | Reached XP level 1. HP: 16/16 MP: 2/2
    35 | D:1      | Reached XP level 2. HP: 13/23 MP: 3/3
    48 | D:1      | Reached skill level 4 in Unarmed Combat
   253 | D:1      | Reached XP level 3. HP: 28/28 MP: 4/4
   532 | D:2      | Reached XP level 4. HP: 29/35 MP: 5/5
   674 | D:2      | Reached skill level 5 in Unarmed Combat
  1010 | D:3      | Noticed Robin
  1027 | D:3      | Reached XP level 5. HP: 36/40 MP: 6/6
  1036 | D:3      | Killed Robin
  1181 | D:4      | Reached skill level 6 in Unarmed Combat
  1181 | D:4      | Reached XP level 6. HP: 10/47 MP: 7/7
  1218 | D:4      | Noticed a sky beast
  1227 | D:4      | Killed a sky beast
  1228 | D:4      | Reached skill level 5 in Shapeshifting
  1279 | D:4      | Found a broken altar of Ashenzari.
  1325 | D:4      | Found a basalt altar of Yredelemnul.
  1455 | D:4      | Noticed Edmund
  1472 | D:4      | Killed Edmund
  1473 | D:4      | Reached skill level 7 in Unarmed Combat
  1473 | D:4      | Reached XP level 7. HP: 35/52 MP: 8/8
  1557 | D:4      | Found Urokk's Weapon Emporium.
  1789 | D:5      | Entered Level 5 of the Dungeon
  1873 | D:5      | Reached skill level 8 in Unarmed Combat
  1969 | D:5      | Found an ancient bone altar of Kikubaaqudgha.
  2106 | D:5      | Reached XP level 8. HP: 25/59 MP: 9/9
  2131 | D:5      | HP: 1/55 [gnoll/+0 spear (2)]
  2133 | D:5      | Killed from afar by an orc wizard

Illustrated notes

Levels and vault maps discovered:
D:1:      sevenhm_arrival_forest_fort_small_6, layout_rooms, serial_shops,
          nicolae_shop_pleasant_corner_grove, chequers_serial_rivers_room_a,
          minmay_misc_feat_four_crosses
D:2:      layout_loops_ring
D:3:      layout_basic, marbit_many_paths, uniq_robin, uniq_terence
D:4:      layout_basic, mainiacjoe_overflow_24_doors,
          mainiacjoe_overflow_concentric_impassable, serial_shops, shop,
          uniq_edmund
D:5:      layout_loops_ring, mainiacjoe_overflow_swirl

Skill      XL: |  1  2  3  4  5  6  7 |
---------------+----------------------+-----
Unarmed Combat | 4 5 6 7 8 |  8.9
Shapeshifting  | 4 5 6 |  6.4
Fighting       | |  1.1
Dodging        | |  2.1

Action                     |  1- 3 |  4- 6 |  7- 9 || total
---------------------------+-------+-------+-------++-------
  Melee: Unarmed           |    68 |   101 |    86 ||   255
         Punch             |     2 |     3 |     4 ||     9
    Use: Potion            |       |     4 |     1 ||     5
         Scroll            |       |     4 |     3 ||     7
 Armour: Animal skin       |    31 |    11 |       ||    42
         Ring mail         |       |    28 |    48 ||    76
         Skin              |       |    19 |       ||    19
  Dodge: Dodged            |    40 |    44 |    37 ||   121
   Form: Flux              |       |       |     1 ||     1

Table legend: (Time is in decaauts)
 A = Elapsed time spent in this place.
 B = Non-inter-level travel time spent in this place.
 C = Inter-level travel time spent in this place.
 D = Time resting spent in this place.
 E = Time spent auto-exploring this place.
 F = Levels seen in this place.
 G = Mean time per level.
                   A        B        C        D        E       F      G
               +--------+--------+--------+--------+--------+-----+--------+
         Total |   2104 |   1967 |    137 |     41 |   1429 |   5 |  420.8 |
       Dungeon |   2104 |   1967 |    137 |     41 |   1429 |   5 |  420.8 |
               +--------+--------+--------+--------+--------+-----+--------+

Top non-repeatable levels by time:
     D:4: 660 daAuts
     D:1: 393 daAuts
     D:3: 369 daAuts
     D:2: 352 daAuts
     D:5: 328 daAuts
